 Dungeon Crawl Stone Soup version 0.23.2-40-g277498a001 (webtiles) character file.

Game seed: 12167898338510120787

94 Exodus22XD the Covert (level 4, -9/18 HPs)
             Began as a Felid Enchanter on Aug 27, 2019.
             Killed from afar by Sigmund (12 damage)
             ... with a puff of flame
             ... on level 3 of the Dungeon.
             The game lasted 00:20:06 (5150 turns).

Exodus22XD the Covert (Felid Enchanter)             Turns: 5150, Time: 00:20:07

Health: -9/18      AC:  1    Str:  4    XL:     4   Next: 38%
Magic:  1/8        EV: 18    Int: 16    God:
Gold:   158        SH:  0    Dex: 17    Spells: 1/7 levels left
                                        Lives:  0   Deaths: 1

rFire    . . .     SeeInvis +     - Unarmed
rCold    . . .     Gourm    .   (shield unavailable)
rNeg     . . .     Faith    .   (armour unavailable)
rPois    .         Spirit   .   (helmet unavailable)
rElec    .         Reflect  .   (cloak unavailable)
rCorr    .         Harm     +   (gloves unavailable)
MR       .....                  (boots unavailable)
Stlth    ++++......             h - amulet of harm
HPRegen  0.06/turn              (no ring)
MPRegen  0.11/turn              (no ring)

@: very slightly contaminated, quick
A: very small, no armour, no weapons or thrown items, stealth, claws 1, fangs 3,
see invisible, carnivore, speed 1, shaggy fur 1, slow metabolism 1, sharp paws
a: no special abilities


You were on level 3 of the Dungeon.
You were very full.

You visited 1 branch of the dungeon, and saw 3 of its levels.

You collected 158 gold pieces.

Inventory:

Jewellery
 h - an amulet of harm (around neck)
Scrolls
 a - 2 scrolls of identify {unknown}
 d - 3 scrolls of remove curse {unknown}
 f - a scroll of noise {unknown}
 i - a scroll of blinking {unknown}
 j - a scroll of teleportation {unknown}
 l - a scroll of enchant weapon {unknown}
Potions
 c - 2 potions of berserk rage {unknown}
 e - 2 potions of degeneration {unknown}
 g - 3 potions of heal wounds {unknown}
 k - a potion of agility {unknown}
Comestibles
 b - 5 rations
 m - a chunk of flesh


   Skills:
 - Level 2.6 Dodging
 * Level 8.4 Stealth
 - Level 1.0 Unarmed Combat
 - Level 2.0 Spellcasting
 - Level 4.4 Hexes


You had one spell level left.
You knew the following spells:

 Your Spells              Type           Power        Failure   Level  Hunger
a - Corona                Hex            ###....      3%          1    #......
b - Ensorcelled Hibernat  Hex/Ice        #.....       13%         2    ###....
c - Confuse               Hex            ###.....     11%         3    ###....

Your spell library contained the following spells:

 Spells                   Type           Power        Failure   Level  Hunger
 Tukima's Dance           Hex            ###.....     11%         3    ###....
 Dazzling Spray           Conj/Hex       #.....       26%         3    ###....


Dungeon Overview and Level Annotations

Branches:
Dungeon (3/15)

Altars:
Xom

Annotations:
D:3 Sigmund


Innate Abilities, Weirdness & Mutations

You cannot wear armour.
You are incapable of wielding weapons or throwing items.
Your paws allow you to move quietly. (Stealth)
You have sharp claws.
You have razor-sharp teeth.
You have supernaturally acute eyesight. (SInv)
You are carnivorous and can eat meat at any time.
You cover ground quickly.
You are covered in fur. (AC +1)
You have a slow metabolism.
Your sharp claws are effective at attacking unaware monsters.


Message History

Aim: Sigmund, wielding a +0 scythe and wearing a +0 robe (almost dead, chance to defeat MR: 54%) Sigmund resists with significant effort.
Casting: Confuse (safe; 11% risk of failure)
Confirm with . or Enter, or press ? or * to list all spells.
Aiming: Confuse (safe; 11% risk of failure)
Press: ? - help, Shift-Dir - straight line, f/p - Sigmund
Aim: Sigmund, wielding a +0 scythe and wearing a +0 robe (almost dead, chance to defeat MR: 54%)
You miscast Confuse.
You are very lightly contaminated with residual magic.
Nothing appears to happen.
Sigmund completely misses you. Sigmund casts a spell at you.
The puff of flame hits you!
There is an open door here.
Sigmund points at you and mumbles some strange words.
The magic dart hits you.
* * * LOW HITPOINT WARNING * * *
Sigmund casts a spell at you. The puff of flame hits you!
Ouch! That really hurt!
You die...

#........####.##########......
#.............................
######........................
########.################ #.....#
#.....# ##....# #....# #@####
...o....# #.# #.........#
#######'####.........###
...........+.........#..
...........#.........#..
......@....#.........#..
.....g..............#.........#..
.......b#############.........#..
........# ######## #.....(...'..


You could see Sigmund.

Vanquished Creatures
  A gnoll (D:2)
  6 adders
  2 oozes
  3 worms
  A dart slug (D:1)
  A leopard gecko (D:1)
  10 bats
  4 giant cockroaches
  6 goblins
  5 hobgoblins
  12 jackals
  3 kobolds
  3 quokkas
  A ball python (D:1)
  6 frilled lizards
  13 rats
77 creatures vanquished.

Notes
Turn   | Place    | Note
-------+----------+-------------------------------------------
     0 | D:1      | Exodus22XD the Felid Enchanter began the quest for the Orb.
     0 | D:1      | Reached XP level 1. HP: 7/7 MP: 4/4
    93 | D:1      | Reached XP level 2. HP: 11/11 MP: 6/6
    97 | D:1      | Reached skill level 5 in Stealth
   825 | D:1      | Learned a level 2 spell: Ensorcelled Hibernation
  1652 | D:1      | Reached XP level 3. HP: 14/14 MP: 7/7
  1668 | D:1      | Reached skill level 6 in Stealth
  2545 | D:2      | Reached XP level 4. HP: 8/18 MP: 6/8
  2796 | D:2      | Reached skill level 7 in Stealth
  3370 | D:2      | Found a shimmering altar of Xom.
  3446 | D:3      | Learned a level 3 spell: Confuse
  4161 | D:3      | Reached skill level 8 in Stealth
  4315 | D:3      | Slain by an adder
  4316 | D:3      | Reached XP level 3. HP: 0/14 MP: 7/7
  4333 | D:3      | Reached XP level 4. HP: 18/18 MP: 3/8
  5139 | D:3      | Noticed Sigmund
  5150 | D:3      | Killed from afar by Sigmund

Skill      XL: |  1  2  3  4 |
---------------+-------------+-----
Stealth        | 5 6 8 |  8.4
Dodging        | |  2.6
Unarmed Combat | |  1.0
Spellcasting   | |  2.0
Hexes          | |  4.4

Action                   |  1- 3 |  4- 6 || total
-------------------------+-------+-------++-------
Melee: Unarmed           |    98 |   140 ||   238
       Bite              |     6 |     6 ||    12
 Cast: Corona            |    18 |    24 ||    42
       Ensorcelled Hiber |     5 |     3 ||     8
       Confuse           |       |     1 ||     1
 Stab: Sleeping          |    23 |    17 ||    40
       Distracted        |       |     1 ||     1
  Eat: Chunk             |    13 |     9 ||    22
Armor: Skin              |     3 |     6 ||     9
Dodge: Dodged            |    61 |   137 ||   198
